 Dungeon Crawl Stone Soup version 0.30-a0-1094-g860fb061e7 (webtiles) character file.

Game seed: 10756172486046508980

109 ryw the Cudgeller (level 4, -7/35 HPs)
             Began as a Mummy Fighter on Apr 18, 2023.
             Killed by divine providence
             ... invoked by an orc priest
              (14 damage)
             ... on level 3 of the Dungeon.
             The game lasted 00:02:07 (1933 turns).

ryw the Cudgeller (Mummy Fighter)                   Turns: 1933, Time: 00:02:08

Health: -7/35      AC:  6    Str: 21    XL:     4   Next: 59%
Magic:  4/4        EV:  9    Int:  7    God:
Gold:   63         SH:  4    Dex: 11    Spells: 3/3 levels left

rFire   x . .      SeeInvis .    a - +0 flail
rCold   + . .      Faith    +    c - +0 buckler
rNeg    + + +      Spirit   .    b - +0 scale mail
rPois   ∞          Reflect  .    (no helmet)
rElec   .          Rampage  .    (no cloak)
rCorr   .                        (no gloves)
Will    .....                    (no boots) Stlth
                                 (no amulet)
HPRegen 0.25/turn                (no ring)
MPRegen 0.09/turn                (no ring)

@: no status effects
A: cold resistance 1, negative energy resistance 3, torment resistance 2, heat
vulnerability 1, in touch with death 1, no potions, faith
a: no special abilities


You were on level 3 of the Dungeon.
You visited 1 branch of the dungeon, and saw 3 of its levels.

You collected 63 gold pieces.

Inventory:

Hand Weapons
 a - a +0 flail (weapon)
Missiles
 e - 2 poisoned darts (quivered)
Armour
 b - a +0 scale mail (worn)
 c - a +0 buckler (worn)
Scrolls
 d - a scroll of noise


   Skills:
 - Level 3.0 Fighting
 * Level 4.0 Maces & Flails
 - Level 2.4 Armour
 - Level 2.4 Shields


You had 3 spell levels left.
You didn't know any spells.
Your spell library was empty.

Dungeon Overview and Level Annotations

Branches:
Dungeon (3/15)

Altars:


Innate Abilities, Weirdness & Mutations

You are immune to poison.
Your flesh is cold resistant. (rC+)
You are immune to negative energy. (rN+++)
You are immune to unholy pain and torment.
You are vulnerable to heat. (rF-)
You are in touch with the powers of death.
You do not drink.
You have a special connection with the divine. (Faith)


Message History

You now have 63 gold pieces (gained 12).
An orc comes into view. It is wielding a +0 morningstar.
The orc shouts!
You hear a shout!
An orc priest comes into view. It is wielding a +0 club.
The orc moves out of view.
An orc comes into view. It is wielding a +0 flail.
An orc priest and an orc come into view.
The orc shouts!
The orc priest shouts!
The orc priest mumbles some strange prayers to Beogh against you.
Beogh smites you! The orc hits you with a +0 club.
You barely miss the orc. The orc hits you with a +0 club.
The orc hits you but does no damage.
You hit the orc.
The orc is moderately wounded.
The orc priest miscasts a cantrip.
You hit the orc.
The orc is moderately wounded.
You hit the orc.
You kill the orc!
You block the orc's attack.
The orc priest casts a cantrip, but nothing happens.
You sock the orc!
You kill the orc!
You barely miss the orc. The orc barely misses you.
You hit the orc.
The orc is heavily wounded.
The orc hits you with a +0 morningstar.
You barely miss the orc.
The orc is moderately wounded.
The orc hits you with a +0 morningstar! x2
* * * LOW HITPOINT WARNING * * *
You are too injured to fight recklessly!
You are too injured to fight recklessly!
You are too injured to fight recklessly!
You sock the orc!
You kill the orc!
The orc priest mumbles some strange prayers to Beogh against you.
Beogh smites you!
You die...

#.##).........#.#
#.#...#.###.#.#.#
#..(....# ##...##
#.#...#.# ##.##
#.......# #.####
####.#### #....#
#.# ####.# ##+##
#.# ##...## #@#
##.....## #o#
#>......## #.#
.........# .o#
..†......+ ...
......!..# ....
#.......## ....
##....<## ######
##...##


You could see 2 orc priests.

Vanquished Creatures
  Jessica (D:2)
  3 adders (D:2)
  4 dart slugs
  3 orcs (D:3)
  4 bats
  2 endoplasms (D:1)
  A giant cockroach (D:1)
  2 goblins
  3 hobgoblins
  3 quokkas (D:1)
  6 ball pythons
  6 frilled lizards
  9 kobolds
  3 rats
50 creatures vanquished.

Vanquished Creatures (others)
  A plant (D:2)
1 creature vanquished.

Grand Total: 51 creatures vanquished

Notes
Turn   | Place    | Note
-------+----------+-------------------------------------------
     0 | D:1      | ryw the Mummy Fighter began the quest for the Orb.
     0 | D:1      | Reached XP level 1. HP: 18/18 MP: 1/1
    20 | D:1      | Reached skill level 2 in Maces & Flails
    25 | D:1      | Reached XP level 2. HP: 23/24 MP: 2/2
    29 | D:1      | Noticed a great orb of eyes
    31 | D:1      | Found a faded altar of an unknown god.
    34 | D:1      | Noticed a great orb of eyes
    38 | D:1      | Noticed a floating eye
    54 | D:1      | Noticed a floating eye
   397 | D:1      | Gained mutation: You are in touch with the powers of death.
                  | [Mummy growth]
   397 | D:1      | Reached XP level 3. HP: 29/29 MP: 3/3
   852 | D:2      | Reached skill level 3 in Maces & Flails
   948 | D:2      | Noticed Jessica
   954 | D:2      | Killed Jessica
   955 | D:2      | Reached XP level 4. HP: 31/35 MP: 4/4
  1805 | D:3      | Reached skill level 4 in Maces & Flails
  1933 | D:3      | Killed from afar by an orc priest

Illustrated notes

Levels and vault maps discovered:
D:1:      dreamdust_arrival_beginning_and_end, layout_basic,
          hellmonk_ecumenical_altar_watching_god, grunt_decor_cap,
          minmay_heptomino_h4
D:2:      layout_basic, amcnicky_mini_rare_corridor_liquid,
          grunt_decor_mini_mirrors, nicolae_hexahallways,
          minmay_shallow_snake_nest, uniq_jessica
D:3:      layout_loops_corners, cheibrodos_sewer_entry_bend, minmay_misc_feat_x,
          uniq_terence, uniq_crazy_yiuf_cottage

Skill      XL: |  1  2  3  4 |
---------------+-------------+-----
Maces & Flails | 2 3 4 |  4.0
Fighting       | |  3.0
Armour         | |  2.4
Shields        | |  2.4

Action                     |  1- 3 |  4- 6 || total
---------------------------+-------+-------++-------
  Melee: Flail             |   112 |    68 ||   180
    Use: Scroll            |       |     1 ||     1
 Armour: Scale mail        |    57 |    27 ||    84
  Dodge: Dodged            |    58 |    31 ||    89
  Block: Buckler           |    23 |    18 ||    41

Table legend: (Time is in decaauts)
 A = Elapsed time spent in this place.
 B = Non-inter-level travel time spent in this place.
 C = Inter-level travel time spent in this place.
 D = Time resting spent in this place.
 E = Time spent auto-exploring this place.
 F = Levels seen in this place.
 G = Mean time per level.
                   A        B        C        D        E       F      G
               +--------+--------+--------+--------+--------+-----+--------+
         Total |   1984 |   1930 |     54 |      0 |   1553 |   3 |  661.3 |
       Dungeon |   1984 |   1930 |     54 |      0 |   1553 |   3 |  661.3 |
               +--------+--------+--------+--------+--------+-----+--------+

Top non-repeatable levels by time:
     D:2: 1002 daAuts
     D:1: 840 daAuts
     D:3: 141 daAuts
